 Dungeon Sprint DCSS version 0.19.0-9-gfd783f2 (webtiles) character file.

6781 LORDOFBUTT the Severer (level 10, -21/108 HPs)
             Began as a Minotaur Fighter on Nov 7, 2016.
             Was an Initiate of Gozag.
             Killed from afar by Ofousmeu the pandemonium lord (29 damage)
             ... with a bolt of cold
             ... in the Dungeon (Sprint V: "Ziggurat Sprint").
             The game lasted 00:05:02 (845 turns).

LORDOFBUTT the Severer (Minotaur Fighter)            Turns: 845, Time: 00:05:03

Health: -21/108    AC: 40    Str: 33    XL:     10   Next: 76%
Magic:  11/11      EV:  7    Int:  9    God:    Gozag
Gold:   2007       SH:  0    Dex: 12    Spells: 0 memorised, 9 levels left

rFire  . . .     SeeInvis .     J - +5 executioner's axe (protect)
rCold  + . .     Gourm    .     a - +5 crystal plate armour
rNeg   + . .     Faith    .     (shield currently unavailable)
rPois  .         Spirit   .     (helmet restricted)
rElec  .         Reflect  .     (no cloak)
rCorr  .         Harm     .     L - +2 pair of gloves {archery}
MR     .....     NoTele   +     (no boots)
Stlth  ..........               (no amulet)
                                M - ring "Radgh" {rC+ rN+ Int+2}
                                H - +6 ring of strength

@: mighty, gold aura, protection aura
A: retaliatory headbutt, horns 2, clever 1
a: Potion Petition, Call Merchant, Bribe Branch, Renounce Religion


You were in the Dungeon.
You worshipped Gozag.
Gozag was most pleased with you.
You were not hungry.

You visited 1 branch You collected 2007 gold pieces.

Inventory:

Hand Weapons
 J - a +5 executioner's axe of protection (weapon)
 N - the +6 hand axe "Orampecada" {chop, rElec Str-4 Int+4 SInv}
   (You found it in the Dungeon)

   It inflicts extra damage upon your enemies.
   It affects your strength (-4).
   It affects your intelligence (+4).
   It insulates you from electricity.
   It lets you see invisible.
 O - a +4 blowgun
Armour
 a - a +5 crystal plate armour (worn)
 L - a +2 pair of gloves of archery (worn)
Jewellery
 b - an uncursed ring of ice
 c - a +4 ring of strength
 x - an uncursed ring of fire
 D - a +6 ring of dexterity
 E - a +6 ring of dexterity
 F - a +6 ring of intelligence
 G - a +6 ring of intelligence
 H - a +6 ring of strength (left hand)
 I - a +6 ring of strength
 K - an uncursed ring of protection from cold
 M - the ring "Radgh" (right hand) {rC+ rN+ Int+2}
   (You found it in the Dungeon)

   [ring of protection from cold]

   It affects your intelligence (+2).
   It protects you from cold.
   It protects you from negative energy.
Wands
 y - a wand of disintegration (7/24)
 A - a wand of iceblast (5/15)
 B - a wand of lightning (5/15)
 C - a wand of acid (5/15)
Scrolls
 k - 4 scrolls of blinking
 n - 4 scrolls of amnesia
 o - 3 scrolls of recharging
 p - 7 scrolls of fog
 q - a scroll of holy word
 r - 5 scrolls of identify
 s - 5 scrolls of remove curse
 t - 2 scrolls of fear
Potions
 d - 4 potions of might
 e - 10 potions of curing
 g - 9 potions of heal wounds
 h - 6 potions of haste
 i - 7 potions of magic
 j - a potion of berserk rage
 u - 2 potions of brilliance
 v - 2 potions of invisibility
 w - 4 potions of resistance
 z - 5 potions of agility
Comestibles
 f - 5 bread rations
 l - 42 fruits
 m - 4 meat rations


   Skills:
 + Level 16.6 Fighting
 + Level 17.6 Axes
 + Level 16.7 Armour
   Level 3.6 Shields
 - Level 3.6 Evocations


You had 9 spell levels left.
You didn't know any spells.

Dungeon Overview and Level Annotations

Branches:
Dungeon (1/1)

Altars:
Ashenzari
Cheibriados
Dithmenos
Elyvilon
Fedhas
Gozag
Hepliaklqana
Kikubaaqudgha
Makhleb
Nemelex Xobeh
Okawaru
Qazlal
Ru
Sif Muna
Trog
Uskayaw
Vehumet
Xom
Yredelemnul
Zin
The Shining One
Beogh
Jiyva
Lugonu


Innate Abilities, Weirdness & Mutations

You reflexively headbutt those who attack you in melee.
You have a pair of horns on your head.
Your mind is acute. (Int +2)


Message History

The bolt of cold hits you! You resist.
* * * LOW HITPOINT WARNING * * *
Unknown command.
You hit Ofousmeu but do no damage.
Ofousmeu is moderately wounded.
Ofousmeu is distracted by the nearby gold.
Ofousmeu squeals, "Leave lest death find thee!"
You hit Ofousmeu but do no damage.
Ofousmeu is no longer distracted by gold.
You headbutt Ofousmeu.
Ofousmeu is moderately wounded.
Ofousmeu is distracted by the nearby gold.
Ofousmeu bellows, "Decamp, thou defiled miscreant cloven-toed!"
You slice Ofousmeu!!
Ofousmeu is no longer distracted by gold.
Ofousmeu is heavily wounded.
Ofousmeu gestures at you. The bolt of cold hits you! You resist.
You die...
Your body crumbles into a pile of gold.

▓........▓........▓
▓........▓.▓....▓.▓
▓........▓........▓
▓▓▓▓▓▓▓▓▓▓▓▓▓▓▓▓▓▓▓
▓...8©8...▓..8©8..▓
▓..[}[=...▓..:"|..▓
▓...):....▓..[.:..▓
▓....$....▓.......▓
▓...&@$...▓..))...▓
▓...$.....▓..).)..▓
▓.........▓.......▓
▓.▓.....▓.▓.▓...▓.▓
▓.........▓.......▓
▓▓▓▓▓▓▓▓▓▓▓▓▓▓▓▓▓▓▓
▓..8©8..▓ ▓...[...▓
▓...}...▓


You could see Ofousmeu.

Vanquished Creatures
  A deep elf knight (D)
  A deep elf mage (D)
  An orange demon (D)
  3 air elementals (D)
  A fire elemental (D)
  2 neqoxecs (D)
  2 insubstantial wisps (D)
  4 hell hounds (D)
  An orc warrior (D)
  5 crimson imps (D)
  An iron imp (D)
  An orc wizard (D)
  2 white imps (D)
  4 orcs (D)
  A fire vortex (D)
30 creatures vanquished.

Vanquished Creatures (others)
  6 dancing weapons (D)
6 creatures vanquished.

Grand Total: 36 creatures vanquished

Notes
Turn   | Place    | Note
-------+----------+-------------------------------------------
     0 | D        | LORDOFBUTT the Minotaur Fighter began the quest for the Orb.
     0 | D        | Reached XP level 1. HP: 19/19 MP: 0/0
     3 | D        | Found a blossoming altar of Fedhas.
     4 | D        | Found a hazy altar of Hepliaklqana.
     4 | D        | Found a viscous altar of Jiyva.
     4 | D        | Found an opulent altar of Gozag.
     4 | D        | Found an ancient bone altar of Kikubaaqudgha.
     8 | D        | Found a corrupted altar of Lugonu.
    15 | D        | Found a burning altar of Makhleb.
    17 | D        | Found a sacrificial altar of Ru.
    17 | D        | Found a stormy altar of Qazlal.
    17 | D        | Found a deep blue altar of Sif Muna.
    17 | D        | Found an iron altar of Okawaru.
    17 | D        | Found a bloodstained altar of Trog.
    17 | D        | Found a sparkling altar of Nemelex Xobeh.
   133 | D        | Reached skill level 7 in Axes
   133 | D        | Reached XP level 2. HP: 26/26 MP: 0/3
   158 | D        | Became a worshipper of Gozag Ym Sagoz the Greedy
   201 | D        | Entered arena 1.
   201 | D        | Noticed a hell hound
   201 | D        | Noticed a crimson imp
   203 | D        | Killed a hell hound
   203 | D        | Reached skill level 9 in Axes
   203 | D        | Reached XP level 3. HP: 37/37 MP: 4/4
   203 | D        | Reached XP level 4. HP: 44/44 MP: 5/5
   204 | D        | Reached XP level 5. HP: 51/51 MP: 6/6
   215 | D        | Got the +6 hand axe of Ykhlugif {drain, rPois rN+ Str+4 Stlth+}
   218 | D        | Entered arena 2.
   218 | D        | Noticed a deep elf mage
   218 | D        | Noticed a halberd of chopping
   218 | D        | Noticed a long sword of holy wrath
   223 | D        | Killed a deep elf mage
   223 | D        | Reached skill level 10 in Fighting
   223 | D        | Reached skill level 11 in Axes
   223 | D        | Reached skill level 10 in Armour
   223 | D        | Reached XP level 6. HP: 46/66 MP: 7/7
   223 | D        | Reached XP level 7. HP: 50/72 MP: 8/8
   226 | D        | Killed a long sword of holy wrath
   226 | D        | Reached skill level 13 in Axes
   226 | D        | Reached XP level 8. HP: 33/83 MP: 9/9
   232 | D        | Killed a halberd of chopping
   232 | D        | Reached skill level 14 in Axes
   495 | D        | Entered arena 3.
   495 | D        | Gained mutation: Your mind is acute. (Int +2) [a neqoxec]
   534 | D        | Entered arena 4.
   538 | D        | Reached XP level 9. HP: 63/93 MP: 10/10
   581 | D        | Entered arena 5.
   584 | D        | Reached skill level 15 in Axes
   605 | D        | Entered arena 6.
   777 | D        | Entered arena 7.
   777 | D        | Noticed a war axe of freezing
   777 | D        | Noticed a short sword of holy wrath
   777 | D        | Noticed a deep elf knight
   777 | D        | Noticed a glaive of chopping
   777 | D        | Noticed a hand axe of freezing
   782 | D        | Killed a war axe of freezing
   782 | D        | Reached skill level 16 in Axes
   782 | D        | Killed a short sword of holy wrath
   782 | D        | Reached skill level 15 in Fighting
   782 | D        | Reached skill level 15 in Armour
   782 | D        | Reached XP level 10. HP: 75/106 MP: 11/11
   784 | D        | Killed a hand axe of freezing
   788 | D        | Killed a deep elf knight
   788 | D        | Reached skill level 17 in Axes
   791 | D        | Killed a glaive of chopping
   808 | D        | Got the ring "Radgh" {rC+ rN+ Int+2}
   820 | D        | Got the +6 hand axe "Orampecada" {chop, rElec Str-4 Int+4 SInv}
   833 | D        | Entered arena 8.
   833 | D        | Noticed Ofousmeu the pandemonium lord
   833 | D        | Noticed an orange demon
   841 | D        | Killed an orange demon
   845 | D        | Killed from afar by Ofousmeu the pandemonium lord

Skill      XL: |  1  2  3  4  5  6  7  8  9 10 |
---------------+-------------------------------+-----
Axes           | 7 9 11 13 14 16 17 | 17.6
Evocations     | 3 |  3.6
Fighting       | 6 10 11 13 15 16 | 16.6
Armour         | 6 10 11 13 15 16 | 16.7
Shields        | |  3.6

Action                   |  1- 3 |  4- 6 |  7- 9 | 10-12 || total
-------------------------+-------+-------+-------+-------++-------
Melee: Executioner's axe |     2 |     1 |    24 |    15 ||    42
       Hand axe          |       |     3 |    14 |       ||    17
       Headbutt          |       |     1 |    11 |     4 ||    16
  Use: Potion            |     1 |     1 |     3 |     1 ||     6
       Scroll            |       |       |     1 |       ||     1
Armor: Crystal plate arm |     2 |     3 |    60 |    15 ||    80
Dodge: Dodged            |       |       |    23 |     7 ||    30
